 Dungeon Crawl Stone Soup version 0.27-a0-1548-gf8a67e7463 (webtiles) character file.

Game seed: 10578448823836762310

245 karkarkar the Chopper (level 5, 0/47 HPs)
             Began as a Minotaur Berserker on July 13, 2021.
             Was a Believer of Trog.
             Slain by Crazy Yiuf (10 damage)
             ... on level 3 of the Dungeon.
             The game lasted 00:04:50 (3383 turns).

karkarkar the Chopper (Minotaur Berserker)          Turns: 3383, Time: 00:04:51

Health: 0/47       AC: 11    Str: 23    XL:     5   Next: 83%
Magic:  4/4        EV:  7    Int:  4    God:    Trog [**....]
Gold:   174        SH:  5    Dex:  9    Spells: 4/4 levels left

rFire    . . .     SeeInvis .   a - +0 hand axe
rCold    . . .     Faith    .   (no shield)
rNeg     . . .     Spirit   .   d - +0 plate armour
rPois    .         Reflect  +   (helmet restricted)
rElec    .         Harm     .   (no cloak)
rCorr    .         Rampage  .   (no gloves)
Will     ++...                  (no boots)
Stlth    ..........             h - amulet of reflection
HPRegen  1.15/turn              (no ring)
MPRegen  0.09/turn              (no ring)

@: lethally poisoned (0 -> -6), strong-willed, regenerating
A: horns 2, retaliatory headbutt
a: Renounce Religion, Berserk, Trog's Hand


You were on level 3 of the Dungeon.
You worshipped Trog.
Trog was pleased with you.
You visited 1 branch of the dungeon, and saw 3 of its levels.

You collected 174 gold pieces.

Inventory:

Hand Weapons
 a - a +0 hand axe (weapon)
 l - a +6 vampiric dagger
Missiles
 j - 19 poisoned darts (quivered)
Armour
 d - a +0 plate armour (worn)
Jewellery
 h - an amulet of reflection (around neck)
Wands
 k - a wand of polymorph (5)
Scrolls
 g - a scroll of teleportation
 n - a scroll of enchant weapon {unknown}
Potions
 b - a potion of curing
 c - a potion of heal wounds
 e - a potion of mutation {unknown}
 f - a potion of resistance {unknown}
 i - a potion of brilliance {unknown}
 m - a potion of lignification {unknown}


   Skills:
 + Level 4.7 Fighting
 + Level 5.9 Axes
 + Level 3.4 Armour
 * Level 3.3 Dodging
 + Level 0.7 Stealth
 - Level 1.0 Shields


You had 4 spell levels left.
You didn't know any spells.
Your spell library was empty.

Dungeon Overview and Level Annotations

Branches:
Dungeon (3/15)

Altars:

Shops:
D:2 [

Annotations:
D:3 Crazy Yiuf


Innate Abilities, Weirdness & Mutations

You have a pair of horns on your head.
You reflexively headbutt those who attack you in melee.


Message History

You see here a +0 pair of boots.
Things that are here:
a +0 club; a goblin corpse
There is a stone staircase leading down here.
A worm comes into view.
A worm is nearby!
You slash the worm!
The worm is heavily wounded.
You block the worm's attack.
You hit the worm.
The worm is heavily wounded.
You slash the worm!
You kill the worm!
Trog accepts your kill.
No target in view!
No target in view!
You see here a +0 flail.
Found a scroll labelled LEBUNU FOWKAR KAO and 18 arrows.
n - a scroll labelled LEBUNU FOWKAR KAO
There is a stone staircase leading up here.
Crazy Yiuf shouts!
Your skin crawls.
You feel strong-willed.
Crazy Yiuf yells, "Mountain turtle ladder!"
You open the door. You hit Crazy Yiuf.
Crazy Yiuf is lightly wounded.
Crazy Yiuf hits you with a +4 quarterstaff of chaos!
You are poisoned.
You hit Crazy Yiuf.
Crazy Yiuf is moderately wounded.
You feel very sick. Crazy Yiuf hits you but does no damage.
You are electrocuted!
You slash Crazy Yiuf!
Crazy Yiuf is severely wounded.
You feel very sick.
Crazy Yiuf hits you with a +4 quarterstaff of chaos.
* * * LOW HITPOINT WARNING * * *
Space warps horribly around you!
You die...

..#......#####....####...........
..#......### ##..## #...........
...........# #....# #...........
..#......### #...## ##)#####.#.#
..#........# ##.## #.# #.#.#
...........# #.## #.# #.#.#
..........## ##.# #.# ###.#
...........# #.## ##.#######.#
..###..#.### ##@# #........#.#
.......#.# #g# ##.#####.#.#
..###..#.# ... ##.#####.#.#
..###..#.## #...# #..........#
..........# #..)# ##.#####.#.#
..........## ##### #.# #.#.#
...........# #.# #.#.#
†..........##### #####.# #.#.#
.#........#.##.####..##.# #.#.#


You could see Crazy Yiuf.

Vanquished Creatures
  A centaur (D:3)
  Jessica (D:3)
  Ijyb (D:3)
  5 adders
  2 worms
  A dart slug (D:3)
  2 orcs (D:3)
  6 endoplasms
  A giant cockroach (D:3)
  4 goblins
  6 hobgoblins
  8 jackals
  7 kobolds
  2 quokkas
  2 ball pythons
  5 bats
  A frilled lizard (D:3)
  9 rats
64 creatures vanquished.

Notes
Turn   | Place    | Note
-------+----------+-------------------------------------------
     0 | D:1      | karkarkar the Minotaur Berserker began the quest for the
                  | Orb.
     0 | D:1      | Reached XP level 1. HP: 19/19 MP: 0/0
   174 | D:1      | Reached skill level 4 in Axes
   174 | D:1      | Reached XP level 2. HP: 18/27 MP: 1/1
   622 | D:1      | Reached ** piety under Trog
   623 | D:1      | Reached XP level 3. HP: 22/33 MP: 2/2
  1165 | D:2      | Found Arphyjao's Antique Armour Shoppe.
  2261 | D:3      | Reached XP level 4. HP: 41/41 MP: 3/3
  2328 | D:3      | Noticed a centaur
  2339 | D:3      | Killed a centaur
  2340 | D:3      | Reached skill level 5 in Axes
  2340 | D:3      | Reached XP level 5. HP: 27/47 MP: 4/4
  2524 | D:3      | Found a runed translucent door.
  2525 | D:3      | Noticed Crazy Yiuf
  2663 | D:3      | Noticed Ijyb
  2678 | D:3      | Killed Ijyb
  2873 | D:3      | Found a faded altar of an unknown god.
  2991 | D:3      | Noticed Jessica
  2995 | D:3      | Killed Jessica
  2996 | D:3      | Reached skill level 1 in Shields
  3383 | D:3      | Slain by Crazy Yiuf

Illustrated notes

Levels and vault maps discovered:
D:1:      psy_arrival_dodecagon, layout_loops_cross
D:2:      layout_loops_corners, serial_shops, shop_fountains
D:3:      layout_basic, shapermc_ecumenical_altar_acropolis, minmay_cupped,
          uniq_jessica, uniq_crazy_yiuf_cottage, uniq_ijyb

Skill      XL: |  1  2  3  4  5 |
---------------+----------------+-----
Axes           | 4 5 |  5.9
Fighting       | 4 |  4.7
Dodging        | 3 |  3.3
Armour         | 3 |  3.4
Shields        | 1 |  1.0
Stealth        | |  0.7

Action                   |  1- 3 |  4- 6 || total
-------------------------+-------+-------++-------
Melee: Hand axe          |    89 |    64 ||   153
       Headbutt          |    16 |     6 ||    22
Invok: Berserk           |     1 |     1 ||     2
       Trog's Hand       |       |     2 ||     2
  Use: Scroll            |     2 |     1 ||     3
Armor: Animal skin       |    20 |       ||    20
       Plate armour      |     4 |    42 ||    46
Dodge: Dodged            |    47 |    21 ||    68
Block: Other             |     9 |    13 ||    22

Table legend: (Time is in decaauts)
 A = Elapsed time spent in this place.
 B = Non-inter-level travel time spent in this place.
 C = Inter-level travel time spent in this place.
 D = Time resting spent in this place.
 E = Time spent auto-exploring this place.
 F = Levels seen in this place.
 G = Mean time per level.
                   A        B        C        D        E       F      G
               +--------+--------+--------+--------+--------+-----+--------+
         Total |   3414 |   3301 |    113 |    200 |   2672 |   3 | 1138.0 |
       Dungeon |   3414 |   3301 |    113 |    200 |   2672 |   3 | 1138.0 |
               +--------+--------+--------+--------+--------+-----+--------+

Top non-repeatable levels by time:
     D:3: 1279 daAuts
     D:1: 1114 daAuts
     D:2: 1020 daAuts
